 Dungeon Crawl Stone Soup version 0.28.0-62-gf88900778d (webtiles) character file.

Game seed: 1144077680506160097

3183 cbfl8 the Cleaver (level 9, -3/81 HPs)
             Began as a Minotaur Berserker on Feb 28, 2023.
             Was a Priest of Trog.
             Slain by an unseen horror (9 damage)
             ... on level 7 of the Dungeon.
             The game lasted 00:06:01 (8074 turns).

cbfl8 the Cleaver (Minotaur Berserker)              Turns: 8074, Time: 00:06:02

Health: -3/81      AC: 11    Str: 24    XL:     9   Next: 64%
Magic:  8/8        EV: 10    Int:  4    God:    Trog [***...]
Gold:   198        SH:  0    Dex: 12    Spells: 8/8 levels left

rFire   . . .      SeeInvis .   m - +0 broad axe (elec)
rCold   . . .      Faith    .   (no shield)
rNeg    . . .      Spirit   .   l - +0 chain mail
rPois   .          Reflect  .   (helmet restricted)
rElec   .          Harm     .   (no cloak)
rCorr   .          Rampage  .   u - +0 pair of gloves
Will    .....                   (no boots)
Stlth   ..........              (no amulet)
HPRegen 0.23/turn               (no ring)
MPRegen 0.11/turn               (no ring)

@: about to teleport
A: horns 2, retaliatory headbutt
a: Renounce Religion, Berserk, Trog's Hand


You were on level 7 of the Dungeon.
You worshipped Trog.
Trog was most pleased with you.
You visited 1 branch of the dungeon, and saw 7 of its levels.

You collected 198 gold pieces.

Inventory:

Hand Weapons
 m - a +0 broad axe of electrocution (weapon)
Armour
 l - a +0 chain mail (worn)
 u - a +0 pair of gloves (worn)
Wands
 e - a wand of polymorph (7)
Scrolls
 c - a scroll of silence
 d - a scroll of holy word
 g - a scroll of enchant weapon
 i - 2 scrolls of teleportation
 s - a scroll of fear
Potions
 a - a potion of curing {unknown}
 j - a potion of degeneration {unknown}
 k - 2 potions of lignification
 n - a potion of brilliance {unknown}
 o - a potion of magic {unknown}
 p - a potion of mutation {unknown}
 q - a potion of ambrosia {unknown}
 t - a potion of cancellation {unknown}
Miscellaneous
 b - a piece from Xom's chessboard (15/15)


   Skills:
 * Level 7.9 Fighting
 * Level 11.1 Axes
 + Level 6.3 Armour
 * Level 5.7 Dodging
 + Level 1.9 Stealth
 * Level 3.6 Evocations


You had 8 spell levels left.
You didn't know any spells.
Your spell library was empty.

Dungeon Overview and Level Annotations

Branches:
Dungeon (7/15)
 Temple: D:4-7

Altars:
Cheibriados
Fedhas

Shops:
D:1 :   D:3 [


Innate Abilities, Weirdness & Mutations

You have a pair of horns on your head.
You reflexively headbutt those who attack you in melee.


Message History

You slice the howler monkey zombie!!
You destroy the howler monkey zombie!
Trog accepts your kill.
You barely miss something. Something hits you.
Something hits you but does no damage. Something hits you.
As you read the scroll labelled NAUVANL PAXT, it crumbles to dust.
It is a scroll of amnesia.
You feel forgetful for a moment. Something hits you.
As you read the scroll labelled GUONGA ANETAM, it crumbles to dust.
You assume a fearsome visage.
It was a scroll of fear.
As you read the scroll labelled FOGA KOCKIUT, it crumbles to dust.
It is a scroll of brand weapon.
Your +0 broad axe crackles with electricity.
m - a +0 broad axe of electrocution (weapon)
You miss something. You headbutt something.
Something hits you but does no damage. Something hits you.
You closely miss something. Your headbutt misses something.
Something hits you but does no damage. Something hits you. Something hits you.
Something hits you but does no damage. Something hits you but does no damage.
Something hits you.
* * * LOW HITPOINT WARNING * * *
Something hits you but does no damage. Something hits you.
* * * LOW HITPOINT WARNING * * *
You closely miss something. You headbutt something. Something hits you.
* * * LOW HITPOINT WARNING * * *
Something hits you.
* * * LOW HITPOINT WARNING * * *
You closely miss something. Your headbutt misses something.
Something hits you but does no damage. Something hits you.
* * * LOW HITPOINT WARNING * * *
Blink to where?
Press: ? - help, Dir - move target
As you read the scroll of blinking, it crumbles to dust.
As you read the scroll of teleportation, it crumbles to dust.
You feel strangely unstable.
Something hits you but does no damage. x2
Something hits you!
You die...

#.#.##.8888.888...
#.#.##...........#
#.#.##.....8......
#.#........8......
#.#...............
#.#.##.8888.888...
#.#.#..8888.888.##
########.#.#...........#
......##@#.#.#.#.#.##### ....
#.....{.#.#.#...#(# .....
#.......#.#.###.#.# .....
#..#+#..# #. #.#.# #### ....
#..+ +... .. #.#.. ....
#..##..#+#...... #.... ....
#..##......#... ###.. ....
##............... ####
#......[.####################


There were no monsters in sight!

Vanquished Creatures
  A two-headed ogre (D:7)
  Maggie (D:6)
  Duvessa (D:4)
  Edmund (D:6)
  A water moccasin (D:6)
  2 ice beasts
  2 black bears
  2 centaurs (D:6)
  4 ogres
  A phantom (D:6)
  Blork the orc (D:4)
  A bullfrog (D:6)
  A scorpion (D:4)
  Dowan (D:4)
  A howler monkey (D:6)
  A bullfrog zombie (D:6)
  A centaur zombie (D:4)
  2 jellies
  A gnoll shaman (D:7)
  A centaur skeleton (D:5)
  A bullfrog skeleton (D:6)
  3 iguanas
  A killer bee zombie (D:7)
  A howler monkey zombie (D:7)
  3 gnolls (D:7)
  6 adders
  An ufetubus (D:5)
  2 worms (D:2)
  A dart slug (D:1)
  10 orcs
  4 ball pythons
  5 bats
  9 endoplasms
  3 giant cockroaches
  7 goblins
  4 hobgoblins
  7 jackals (D:1)
  11 kobolds
  2 quokkas
  4 frilled lizards
  2 rats (D:1)
114 creatures vanquished.

Vanquished Creatures (collateral kills)
  Joseph (D:7)
1 creature vanquished.

Grand Total: 115 creatures vanquished

Notes
Turn   | Place    | Note
-------+----------+-------------------------------------------
     0 | D:1      | cbfl8 the Minotaur Berserker began the quest for the Orb.
     0 | D:1      | Reached XP level 1. HP: 19/19 MP: 0/0
   255 | D:1      | Reached XP level 2. HP: 24/27 MP: 1/1
   305 | D:1      | Reached skill level 4 in Axes
   446 | D:1      | Found a faded altar of an unknown god.
   575 | D:1      | Reached XP level 3. HP: 32/33 MP: 2/2
   577 | D:1      | Found Orhillur's Book Shop.
   705 | D:1      | Reached ** piety under Trog
  1667 | D:2      | Reached skill level 5 in Axes
  1667 | D:2      | Reached XP level 4. HP: 28/41 MP: 3/3
  2311 | D:3      | Found Kerukk's Armour Shoppe.
  2527 | D:3      | Noticed an ogre
  2531 | D:3      | Killed an ogre
  2532 | D:3      | Reached XP level 5. HP: 35/47 MP: 4/4
  2798 | D:3      | Noticed an ogre
  2807 | D:3      | Killed an ogre
  2808 | D:3      | Reached skill level 6 in Axes
  2808 | D:3      | Reached skill level 1 in Stealth
  3219 | D:4      | HP: 2/47 [poisoned by a kobold]
  3291 | D:4      | Reached skill level 5 in Fighting
  3291 | D:4      | Reached XP level 6. HP: 18/56 MP: 5/5
  3755 | D:4      | Noticed Blork the orc
  3763 | D:4      | Killed Blork the orc
  3904 | D:4      | Noticed Duvessa
  3904 | D:4      | Noticed Dowan
  3912 | D:4      | Killed Duvessa
  3913 | D:4      | Reached skill level 7 in Axes
  3916 | D:4      | Reached XP level 7. HP: 54/61 MP: 6/6
  3917 | D:4      | Killed Dowan
  3996 | D:4      | Reached skill level 1 in Evocations
  4708 | D:4      | Reached skill level 8 in Axes
  4840 | D:4      | You fall into a shaft and drop 2 floors!
  4840 | D:6      | Noticed Edmund
  4854 | D:6      | Reached XP level 8. HP: 22/70 MP: 7/7
  4854 | D:6      | Killed Edmund
  5142 | D:6      | Found a blossoming altar of Fedhas.
  5198 | D:6      | Reached skill level 9 in Axes
  5600 | D:5      | Entered Level 5 of the Dungeon
  5832 | D:5      | Reached *** piety under Trog
  5909 | D:5      | Found a snail-covered altar of Cheibriados.
  6530 | D:6      | Noticed Maggie
  6544 | D:6      | Killed Maggie
  6545 | D:6      | Reached skill level 5 in Armour
  6728 | D:6      | Reached XP level 9. HP: 75/79 MP: 8/8
  6789 | D:6      | Reached skill level 5 in Dodging
  6930 | D:6      | Reached skill level 10 in Axes
  7266 | D:7      | Noticed a two-headed ogre
  7275 | D:7      | Killed a two-headed ogre
  7528 | D:7      | Noticed Joseph
  7551 | D:7      | Killed Joseph
  7552 | D:7      | Reached skill level 11 in Axes
  8074 | D:7      | Slain by an unseen horror

Illustrated notes

Levels and vault maps discovered:
D:1:      dpeg_arrival_short_road, layout_basic,
          hellmonk_ecumenical_altar_slurped_away, serial_shops, shop
D:2:      wad_pebble_path, layout_basic, minmay_pentomino_s2
D:3:      layout_basic, serial_shops, shop
D:4:      layout_cave_pods, minmay_temple_entry_from_below_a,
          hangedman_decor_peaks_small, minivault_27, minmay_misc_feat_chi,
          uniq_blork_the_orc, uniq_duvessa
D:5:      layout_cave_pools, mainiacjoe_overflow_alcove_4
D:6:      layout_basic, fedhas_bush_and_centaur_altar, uniq_maggie, uniq_edmund
D:7:      layout_basic, kennysheep_mini_moat, nicolae_overflow_hidden_temple,
          hellmonk_bongcloud_opening, minmay_manual_mess, uniq_joseph

Skill      XL: |  1  2  3  4  5  6  7  8  9 |
---------------+----------------------------+-----
Fighting       | 4 5 6 7 |  7.9
Axes           | 4 5 6 7 8 9 11 | 11.1
Dodging        | 3 4 5 |  5.7
Stealth        | 1 |  1.9
Armour         | 3 4 5 6 |  6.3
Evocations     | 1 2 3 |  3.6

Action                   |  1- 3 |  4- 6 |  7- 9 || total
-------------------------+-------+-------+-------++-------
Melee: Hand axe          |    57 |       |       ||    57
       Headbutt          |    12 |    15 |    32 ||    59
       War axe           |    34 |    49 |       ||    83
       Punch             |       |     3 |       ||     3
       Broad axe         |       |     8 |   141 ||   149
Invok: Berserk           |       |     3 |     2 ||     5
       Trog's Hand       |       |     1 |     1 ||     2
Evoke: Wand              |       |       |    17 ||    17
  Use: Potion            |       |     1 |     2 ||     3
       Scroll            |       |       |    12 ||    12
 Stab: Sleeping          |     1 |       |       ||     1
Armor: Animal skin       |    13 |     1 |       ||    14
       Leather armour    |       |     1 |       ||     1
       Chain mail        |       |    12 |    88 ||   100
       Skin              |       |       |     3 ||     3
Dodge: Dodged            |    56 |    28 |    82 ||   166
